Match 46641636
Unlisted

Match 46641636
End
Construct Barracks
Riflemen Squad
Riflemen Squad
Grenade Package
Engineer Squad
Construct Medical Station
Air Support Center
Selects Airborne Battlegroup
Selects Heavy Machine Gun Paradrop
Selects Paratrooper Squad Paradrop
Paratrooper Squad Paradrop
Engineer Squad
Paratrooper Squad Paradrop
Paratrooper Squad Paradrop
Construct Tank Depot
M4A1 Sherman Medium Tank
M4A1 Sherman Medium Tank
P-47 Strafing Run
Engineer Squad
M4A1 Sherman Medium Tank
Paratrooper Squad Paradrop
Selects Recon Loiter
Selects Paradrop Reinforcements
Selects Carpet Bombing Run
M4A1 Sherman Medium Tank
M4A1 Sherman Medium Tank
M4A1 Sherman Medium Tank
Carpet Bombing Run
M4A1 Sherman Medium Tank
Riflemen Squad
I Hate Some People
SLOVAK ARMY / 5th PSU /
Sad Pepe
gio_misro
0
0

Comments sign in to comment!

No comments posted yet!